Map: Jagannatha LE

Players

PtitDrogo

  • Race: Protoss Protoss
  • League: Grandmaster

MaxPax - Winner!

  • Race: Protoss Protoss
  • League: Grandmaster

Event: DreamHack SC2 Masters 2021 Summer

VOD

Have the link to the VOD?

Description

Time

  • Played on: June 3, 2021, 12:45 p.m.
  • Length: 8:46

All games in this series

Show
View Real Time Build Order
Export as new Build Order

PtitDrogo Protoss 

Build Orders: Phoenix Opening, Blink Stalkers 

Get SALT Encoding   

  12  0:00  Probe  
  13  0:12  Probe  
  14  0:17  Pylon  
  14  0:24  Probe (Chrono Boost)  
  15  0:36  Probe (Chrono Boost)  
  15  0:38  Gateway  
  16  0:44  Probe (Chrono Boost)  
  16  0:47  Assimilator  
  17  0:54  Probe  
  18  1:06  Probe  
  18  1:10  Assimilator  
  19  1:13  Gateway  
  19  1:18  Probe  
  20  1:27  Cybernetics Core  
  20  1:31  Probe  
  21  1:39  Pylon  
  21  1:43  Probe  
  22  1:55  Probe  
  23  2:01  Warp Gate (Chrono Boost)  
  23  2:04  Stalker x2  
  27  2:15  Pylon  
  27  2:34  Stalker x2  
  31  2:41  Probe  
  32  2:59  Nexus  
  32  3:07  Shield Battery  
  32  3:14  Pylon  
  32  3:22  Twilight Council  
  32  3:32  Probe (Chrono Boost)  
  33  3:42  Sentry x2  
  33  3:44  Probe (Chrono Boost)  
  38  3:51  Probe (Chrono Boost)  
  39  3:56  Phoenix, Blink (Chrono Boost)  
  39  4:09  Forge  
  39  4:11  Probe x2 (Chrono Boost)  
  39  4:14  Stalker  
  39  4:16  Stalker  
  45  4:21  Probe x2 (Chrono Boost)  
  47  4:26  Probe x2 (Chrono Boost)  
  47  4:30  Pylon  
  49  4:38  Probe (Chrono Boost)  
  51  4:43  Probe (Chrono Boost)  
  51  4:44  Protoss Ground Weapons Level 1  
  51  4:46  Probe (Chrono Boost)  
  51  4:49  Sentry  
  51  4:50  Probe (Chrono Boost)  
  55  4:53  Shield Battery  
  55  4:54  Stalker  
  55  4:57  Probe  
  58  5:02  Pylon  
  58  5:05  Probe  
  59  5:10  Probe  
  59  5:13  Stalker  
  62  5:19  Pylon  
  62  5:20  Probe, Assimilator  
  63  5:22  Probe  
  63  5:28  Stalker  
  66  5:32  Probe  
  66  5:34  Probe, Pylon  
  62  5:43  Stalker  
  56  5:55  Probe, Stalker  
  49  6:08  Probe, Stalker  
  52  6:14  Probe  
  53  6:20  Probe  
  54  6:26  Probe  
  54  6:29  Robotics Facility  
  54  6:31  Photon Cannon  
  55  6:33  Probe, Nexus  
  55  6:34  Pylon  
  55  6:36  Stalker, Sentry  
  55  6:38  Probe  
  61  6:47  Probe  
  61  6:51  Gateway  
  60  7:08  Stalker  
  60  7:09  Stalker  
  64  7:15  Probe  
  64  7:17  Observer (Chrono Boost)  
  64  7:20  Probe  
  67  7:27  Probe  
  68  7:32  Probe  
  68  7:33  Gateway  
  69  7:37  Gateway x2  
  69  7:40  Probe, Gateway  
  68  7:44  Probe  
  68  7:50  Observer (Chrono Boost), Pylon  
  70  7:57  Pylon  
  69  8:05  Photon Cannon  
  69  8:06  Pylon  
  69  8:09  Nexus, Immortal (Chrono Boost)  
  72  8:24  Nexus  
  70  8:28  Stalker x2  
  70  8:30  Stalker  
  72  8:38  Stalker  
  60  8:42  Stalker  
Show
View Real Time Build Order
Export as new Build Order

MaxPax Protoss - Winner!

Build Orders: 1 Gate Expand 

Get SALT Encoding   

  12  0:00  Probe  
  13  0:12  Probe  
  14  0:20  Pylon  
  14  0:24  Probe  
  15  0:38  Probe (Chrono Boost)  
  15  0:40  Gateway  
  16  0:47  Probe (Chrono Boost)  
  17  0:54  Pylon  
  17  0:56  Probe  
  18  1:00  Assimilator  
  18  1:08  Probe  
  19  1:20  Probe  
  20  1:28  Nexus  
  20  1:42  Cybernetics Core  
  20  1:46  Zealot (Chrono Boost)  
  22  1:48  Probe  
  23  1:56  Pylon  
  23  2:02  Assimilator  
  23  2:14  Probe  
  24  2:16  Stalker (Chrono Boost)  
  24  2:21  Warp Gate  
  26  2:26  Probe  
  27  2:36  Stalker (Chrono Boost)  
  26  2:38  Probe  
  26  2:41  Probe  
  30  2:49  Robotics Facility  
  30  2:51  Probe  
  31  2:53  Probe  
  31  3:00  Stalker  
  31  3:04  Probe  
  34  3:06  Probe  
  35  3:13  Shield Battery  
  35  3:16  Probe  
  36  3:21  Shield Battery  
  36  3:24  Probe  
  37  3:30  Probe  
  37  3:31  Sentry  
  40  3:36  Probe  
  41  3:43  Probe (Chrono Boost)  
  41  3:48  Probe (Chrono Boost)  
  43  3:49  Observer (Chrono Boost)  
  43  3:50  Pylon  
  45  3:57  Gateway  
  45  4:00  Probe (Chrono Boost)  
  45  4:01  Probe (Chrono Boost)  
  46  4:07  Probe (Chrono Boost)  
  46  4:08  Probe (Chrono Boost)  
  46  4:09  Immortal (Chrono Boost)  
  51  4:15  Pylon  
  51  4:19  Probe  
  51  4:23  Gateway  
  53  4:26  Sentry  
  54  4:33  Probe  
  54  4:34  Warp Prism (Chrono Boost)  
  54  4:35  Probe  
  58  4:40  Twilight Council  
  58  4:45  Pylon  
  58  4:47  Probe  
  58  4:51  Sentry  
  58  4:52  Probe  
  62  4:57  Assimilator  
  62  5:03  Probe, Forge  
  63  5:13  Assimilator  
  63  5:20  Dark Shrine  
  63  5:28  Probe, Adept x3  
  64  5:31  Pylon  
  68  5:47  Warp Prism (Chrono Boost)  
  68  5:49  Observer  
  68  5:55  Protoss Ground Weapons Level 1 (Chrono Boost)  
  68  5:56  Blink (Chrono Boost)  
  64  6:00  Probe  
  57  6:05  Gateway  
  53  6:12  Stalker x2  
  53  6:14  Pylon  
  53  6:15  Stalker  
  57  6:22  Probe x2  
  57  6:40  Nexus  
  57  6:43  Dark Templar x2  
  60  6:50  Stalker  
  63  7:01  Probe  
  63  7:02  Dark Templar  
  63  7:04  Probe  
  66  7:10  Nexus  
  66  7:11  Pylon, Warp Prism  
  66  7:13  Probe  
  67  7:16  Stalker x2  
  67  7:17  Stalker  
  67  7:20  Probe  
  74  7:25  Probe  
  74  7:27  Gateway  
  75  7:35  Probe  
  76  7:41  Stalker x3  
  76  7:43  Probe  
  79  7:47  Probe  
  80  7:55  Probe  
  79  7:59  Probe  
  79  8:03  Photon Cannon  
  80  8:14  Stalker x4  
  80  8:17  Probe  
  80  8:18  Probe  
  90  8:29  Probe  
  90  8:30  Probe  
  90  8:31  Probe  
  93  8:37  Stalker x3  
Tags
 
Add a new tag
Caveats
  • Supply blocks, unpowered buildings, or Contaminate may cause inaccurate times.
  • Supply counts are checked every 10 seconds.